Map: Blackpink LE

Players

Kelazhur

  • Race: Terran Terran
  • League: Diamond
  • Spawn Location: 1:00

JimRising - Winner!

  • Race: Zerg Zerg
  • League: Grandmaster
  • Spawn Location: 7:00

VOD

Have the link to the VOD?

Description

Time

  • Played on: Feb. 3, 2018, 3:02 p.m.
  • Length: 14:51
Show
View Real Time Build Order
Export as new Build Order

Kelazhur Terran 

Build Orders: Liberator Opening, Mech 

Get SALT Encoding   

  12  0:00  SCV  
  13  0:12  SCV  
  14  0:17  Supply Depot  
  14  0:25  SCV  
  15  0:39  SCV  
  15  0:41  Barracks  
  16  0:43  Refinery  
  16  0:51  SCV  
  17  1:03  SCV  
  18  1:15  SCV  
  19  1:27  Marine  
  19  1:28  Orbital Command  
  20  1:39  Command Center  
  20  1:45  Marine  
  21  1:51  Supply Depot  
  21  1:54  SCV  
  22  2:03  Factory  
  22  2:07  SCV  
  23  2:10  Barracks Reactor  
  23  2:17  Refinery  
  23  2:19  SCV  
  24  2:31  SCV  
  25  2:43  SCV  
  26  2:50  Starport  
  26  2:52  Orbital Command  
  26  2:55  SCV  
  26  2:56  Hellion x2  
  26  2:57  Barracks Tech Lab  
  31  3:03  Marine  
  32  3:07  SCV  
  33  3:17  Hellion x2  
  39  3:24  Marine  
  38  3:27  Supply Depot  
  38  3:30  Medivac, Armory  
  40  3:35  SCV x2  
  40  3:42  Marine, Hellion  
  40  3:46  Liberator  
  40  3:47  Hellion  
  40  3:48  SCV  
  46  3:55  SCV  
  47  4:01  SCV  
  48  4:03  Supply Depot  
  48  4:05  Barracks Tech Lab  
  51  4:11  Hellion  
  51  4:14  SCV  
  54  4:25  SCV  
  54  4:26  SCV  
  54  4:27  Supply Depot  
  54  4:29  Hellion  
  58  4:32  Hellion  
  58  4:38  SCV x2  
  62  4:50  SCV, Hellion  
  61  4:53  Hellion  
  61  4:57  SCV  
  61  4:58  Hellion x4  
  61  5:04  SCV  
  57  5:09  SCV  
  58  5:16  SCV  
  59  5:21  SCV  
  59  5:24  Engineering Bay  
  60  5:28  SCV  
  60  5:31  Supply Depot  
  61  5:40  Barracks Tech Lab  
  61  5:43  Factory  
  61  5:44  SCV  
  61  5:45  Factory  
  61  5:47  SCV  
  61  5:49  Terran Vehicle Weapons Level 1, Refinery  
  63  5:50  Refinery  
  63  5:51  Armory, Starport Reactor  
  63  5:55  Supply Depot  
  63  5:56  SCV, Supply Depot  
  64  6:00  SCV  
  65  6:08  SCV  
  65  6:11  Hellion x2  
  70  6:12  SCV  
  59  6:20  SCV  
  59  6:24  SCV  
  59  6:32  SCV, Hellion x2  
  64  6:36  SCV, Command Center  
  65  6:44  Thor x2  
  77  6:49  SCV x2  
  79  6:58  Terran Vehicle And Ship Armor Level 1  
  79  6:59  Supply Depot  
  79  7:01  SCV  
  79  7:04  Medivac x2  
  84  7:09  SCV  
  84  7:11  Hellion x2  
  89  7:15  Supply Depot  
  89  7:18  Supply Depot  
  89  7:28  Siege Tank x2  
  95  7:31  SCV  
  95  7:32  Hellion x2  
  97  7:44  Infernal Pre-Igniter  
  94  7:52  Engineering Bay  
  94  7:53  Missile Turret, Hellion  
  94  7:54  Hellion  
  94  7:55  Missile Turret  
  94  7:56  Missile Turret, Orbital Command  
  98  8:00  SCV x2  
  103  8:05  Siege Tank  
  103  8:07  Thor  
  108  8:30  Hellion x2  
  108  8:31  SCV  
  106  8:37  Thor  
  106  8:40  SCV  
  97  8:47  Viking x2  
  95  8:49  Orbital Command  
  95  8:50  SCV  
  95  8:52  SCV  
  99  8:55  Hellion x2  
  99  8:56  Siege Tank  
  99  9:02  SCV  
  103  9:07  Refinery, Missile Turret  
  103  9:09  SCV  
  104  9:18  SCV, Refinery  
  104  9:20  Medivac x2  
  104  9:22  Hellion x2  
  104  9:23  Hellion  
  115  9:26  SCV  
  115  9:28  Hellion  
  114  9:44  Hellion x2  
  110  9:46  Factory x2  
  110  9:47  SCV x3  
  110  9:51  Siege Tank x2  
  119  9:58  Command Center  
  119  9:59  Supply Depot x2  
  117  10:14  Hellion x2  
  121  10:17  SCV  
  121  10:20  Terran Vehicle Weapons Level 2  
  122  10:23  Siege Tank x2  
  122  10:27  Terran Vehicle And Ship Armor Level 2  
  128  10:34  Supply Depot  
  128  10:39  Missile Turret, Supply Depot  
  128  10:46  Command Center  
  128  10:49  Missile Turret, Factory Reactor, Factory Tech Lab  
  128  10:51  Hellion x2  
  128  10:55  Siege Tank  
  128  10:56  Siege Tank  
  136  10:59  Smart Servos  
  136  11:01  Viking  
  138  11:12  Siege Tank  
  138  11:17  Viking  
  141  11:31  Siege Tank x2, Viking  
  141  11:32  Hellion x2  
  143  11:33  Hellion x2  
  143  11:40  Missile Turret  
  143  11:41  Refinery  
  143  11:42  Refinery  
  143  11:49  Viking  
  145  11:58  Command Center  
  145  12:05  Hellion x4  
  122  12:16  Siege Tank  
  122  12:18  SCV x2  
  122  12:19  Siege Tank  
  122  12:20  Hellion  
  128  12:23  Viking x2  
  128  12:26  Hellion x2  
  128  12:29  SCV  
  130  12:32  SCV  
  130  12:33  SCV  
  132  12:41  SCV, Thor, Hellion  
  137  12:48  Thor  
  143  12:52  SCV  
  143  12:53  Viking  
  143  12:57  SCV x2  
  148  12:58  Planetary Fortress  
  148  12:59  Refinery  
  148  13:14  Siege Tank  
  148  13:15  Hellion x3  
  157  13:24  Siege Tank  
  150  13:32  Siege Tank, Hellion  
  155  13:36  Hellion  
  157  13:41  SCV x3  
  156  13:54  Hellion x4  
  130  13:56  Hellion  
  130  13:58  Hellion  
  106  14:04  Siege Tank  
  106  14:15  Siege Tank  
  109  14:22  Hellion x2  
  102  14:24  Hellion x2  
Show
View Real Time Build Order
Export as new Build Order

JimRising Zerg - Winner!

Build Orders: Hatch First, Muta Ling Bane 

Get SALT Encoding   

  12  0:00  Drone  
  13  0:12  Overlord  
  13  0:17  Drone  
  14  0:30  Drone  
  14  0:31  Drone  
  14  0:34  Drone  
  17  0:51  Hatchery  
  16  0:58  Drone x2  
  16  1:02  Extractor  
  17  1:14  Spawning Pool  
  17  1:17  Drone  
  17  1:20  Drone  
  18  1:28  Drone  
  19  1:38  Overlord  
  19  1:49  Drone  
  20  2:01  Queen  
  20  2:02  Drone  
  20  2:08  Queen, Drone  
  24  2:09  Metabolic Boost  
  24  2:13  Drone  
  27  2:15  Drone  
  27  2:22  Overlord  
  28  2:26  Overlord  
  28  2:40  Queen  
  28  2:41  Drone x2  
  32  2:49  Drone x2  
  32  2:50  Queen  
  36  2:54  Drone  
  36  2:57  Overlord  
  37  3:05  Overlord  
  37  3:17  Drone x4  
  37  3:18  Zergling x2, Drone  
  37  3:19  Zergling x2  
  44  3:27  Overlord  
  44  3:33  Hatchery  
  43  3:46  Queen, Drone x5  
  50  3:53  Overlord  
  48  3:56  Zergling x2  
  48  3:57  Zergling x2  
  48  4:02  Spine Crawler  
  49  4:03  Drone x2  
  49  4:04  Zergling x4  
  49  4:08  Overlord  
  53  4:16  Baneling Nest  
  52  4:17  Overlord  
  52  4:18  Zergling x2  
  53  4:27  Queen  
  53  4:28  Zergling x4  
  57  4:32  Drone  
  57  4:33  Drone  
  57  4:35  Extractor, Drone x2  
  57  4:36  Drone x2  
  62  4:39  Lair  
  61  5:00  Drone  
  61  5:03  Baneling x3, Spore Crawler  
  58  5:08  Extractor  
  58  5:10  Drone  
  58  5:11  Drone x2  
  58  5:13  Drone x4  
  64  5:15  Extractor  
  64  5:16  Drone  
  64  5:22  Drone x3  
  64  5:23  Drone x3  
  64  5:24  Overlord  
  70  5:33  Drone x2  
  72  5:44  Drone x2  
  72  5:46  Spire, Zergling x6  
  72  5:47  Zergling x10  
  81  5:55  Overlord  
  81  5:58  Extractor  
  81  6:00  Overlord  
  80  6:04  Baneling x2  
  80  6:05  Baneling  
  70  6:22  Drone x3  
  70  6:23  Drone x2  
  70  6:24  Extractor, Drone  
  75  6:26  Spore Crawler x2  
  75  6:28  Spore Crawler, Drone  
  75  6:29  Drone x3  
  75  6:30  Drone x4  
  80  6:36  Drone  
  81  6:40  Overlord x2  
  81  6:42  Hatchery  
  81  6:44  Overlord x3  
  81  6:47  Overlord  
  81  6:51  Overlord  
  81  6:59  Zerg Flyer Weapons Level 1  
  81  7:03  Mutalisk  
  81  7:04  Mutalisk x6  
  81  7:05  Mutalisk  
  81  7:06  Mutalisk  
  99  7:13  Overlord, Mutalisk  
  101  7:16  Zergling x4  
  101  7:22  Mutalisk x2  
  103  7:24  Zergling x6  
  108  7:44  Evolution Chamber, Drone  
  108  7:45  Drone x2  
  108  7:47  Evolution Chamber, Drone x4  
  108  7:48  Drone x3  
  116  8:05  Zergling x22  
  122  8:07  Baneling  
  122  8:08  Baneling, Zergling x4  
  127  8:14  Extractor x2  
  127  8:15  Zergling x2  
  127  8:16  Zergling x6  
  127  8:18  Zergling x2  
  127  8:19  Zergling x10  
  97  8:41  Drone x2  
  97  8:42  Drone  
  97  8:43  Drone x2  
  100  8:51  Zerg Ground Armor Level 1, Zerg Missile Weapons Level 1  
  100  8:54  Hydralisk Den, Queen  
  100  8:55  Drone x3  
  104  9:10  Centrifical Hooks  
  104  9:11  Hatchery  
  104  9:16  Drone x2  
  104  9:17  Drone x3  
  107  9:18  Overlord x3, Drone x2  
  109  9:29  Baneling x2  
  109  9:30  Baneling x3  
  109  9:37  Drone x4  
  104  9:39  Drone  
  104  9:40  Drone x5  
  106  9:48  Hydralisk, Muscular Augments  
  106  9:49  Hydralisk x13  
  134  9:54  Infestation Pit  
  127  10:08  Hydralisk x4  
  127  10:09  Hydralisk x6  
  147  10:28  Infestation Pit  
  147  10:30  Hydralisk x9  
  147  10:32  Overlord x2, Zergling x2  
  165  10:44  Hive  
  161  10:51  Drone x5  
  161  10:52  Drone  
  162  10:58  Zergling x2  
  162  10:59  Zergling x26  
  162  11:00  Grooved Spines, Zergling x4  
  162  11:01  Drone x2  
  176  11:12  Overlord x2  
  176  11:15  Overlord x2  
  165  11:33  Drone x3  
  165  11:34  Drone x7  
  165  11:36  Drone x4  
  165  11:38  Drone x3  
  182  11:41  Extractor x2  
  180  11:48  Zerg Ground Armor Level 2, Zerg Missile Weapons Level 2  
  180  11:55  Drone  
  154  12:11  Hatchery  
  154  12:12  Extractor  
  154  12:13  Extractor  
  124  12:17  Hydralisk  
  124  12:18  Hydralisk x16  
  124  12:19  Hydralisk  
  148  12:33  Viper x4  
  148  12:34  Viper x2  
  164  12:38  Hydralisk x3, Drone x2  
  164  12:39  Hydralisk  
  164  12:43  Hydralisk  
  164  12:44  Hydralisk x2  
  158  12:49  Hydralisk x3  
  158  12:51  Drone  
  171  12:58  Zergling x2  
  171  12:59  Zergling x6  
  175  13:07  Hydralisk  
  175  13:08  Hydralisk x5  
  175  13:11  Hydralisk  
  189  13:18  Overlord  
  189  13:19  Overlord x2  
  183  13:30  Hydralisk x2  
  183  13:31  Hydralisk  
  188  13:37  Overlord x3  
  188  13:38  Hydralisk  
  188  13:39  Hydralisk x5  
  174  14:03  Zergling x10  
  174  14:04  Zergling x26  
  174  14:08  Hydralisk x3  
  174  14:09  Hydralisk  
  158  14:33  Zergling x2  
  158  14:34  Zergling x2  
Tags
 
Add a new tag
Caveats
  • Supply blocks, unpowered buildings, or Contaminate may cause inaccurate times.
  • Supply counts are checked every 10 seconds.